AoeStats
← b站江条

Arabia

510181102Analyzed
1v1 RM · 2d ago on Sep 29, 2026· 20m 13s· 2 players
Game mode
Random Map
Map size
Tiny (2 player)
Population
200
Speed
Normal
Resources
Standard
Victory
Conquest
Starting age
Dark Age
Ending age
Imperial Age
RankedLock teamsTeams togetherTeam positionsShared explorationLock speedFull tech treeHidden civsTurbo modeCheats
Victory
Defeat
🇹🇼 Japanese · Taiwan
1313
+17
🇨🇳 Maya · China
1326
-17
d54316533719
7:03 Loom
10:20 Feudal Age
10:29 Man-at-Arms
13:48 Scale Mail Armor
17:55 Arson
b站江条
0:25 Loom
9:06 Feudal Age
9:54 Double-Bit Axe
15:47 Wheelbarrow
Connection lost

Rejoining the realm…

Still unreachable

The connection could not be restored.

Session expired

The server has moved on; the page needs a fresh start.